 Dungeon Crawl Stone Soup version 0.29-a0-541-gaf1fc19f1b (webtiles) character file.

Game seed: 16829502202892162143

3193 IdlyInterested the Cruncher (level 9, -16/80 HPs)
             Began as a Minotaur Gladiator on June 2, 2022.
             Was an Initiate of Ashenzari.
             Demolished by an orc warrior
             ... wielding a +0 war axe
              (17 damage)
             ... on level 7 of the Dungeon.
             The game lasted 00:17:54 (6471 turns).

IdlyInterested the Cruncher (Minotaur Gladiator)    Turns: 6471, Time: 00:17:56

Health: -16/80     AC:  7    Str: 19    XL:     9   Next: 64%
Magic:  8/8        EV: 15    Int:  5    God:    Ashenzari [......]
Gold:   316        SH:  0    Dex: 16    Spells: 8/8 levels left

rFire   + . .      SeeInvis +   a - +1 quarterstaff
rCold   . . .      Faith    .   (shield currently unavailable)
rNeg    + . .      Spirit   .   D - +3 leather armour "Disgust of Ashenzari" {Will+, Elem, Bglg} (curse)
rPois   .          Reflect  .   c - +0 hat
rElec   .          Harm     .   (no cloak)
rCorr   +          Rampage  .   m - +0 pair of gloves
Will    +....                   (no boots)
Stlth   +.........              (no amulet)
HPRegen 0.23/turn               t - ring "Pafyjosk" {rF+ rN+ rCorr}
MPRegen 0.11/turn               G - ring of see invisible

@: no status effects
A: horns 2, retaliatory headbutt
a: Renounce Religion, Shatter the Chains


You were on level 7 of the Dungeon.
You worshipped Ashenzari.
Ashenzari was noncommittal.
You visited 2 branches of the dungeon, and saw 8 of its levels.

You collected 316 gold pieces.

Inventory:

Hand Weapons
 a - a +1 quarterstaff (weapon)
 x - a +2 whip of flaming
 F - a +1 glaive of flaming
Missiles
 d - 3 throwing nets
 e - a javelin
 n - 105 stones (quivered)
 r - 4 poisoned darts
Armour
 c - a +0 hat (worn)
 m - a +0 pair of gloves (worn)
 o - a +0 plate armour
 D - the cursed +3 leather armour "Disgust of Ashenzari" (worn) {Will+, Elem, Bglg}
   (You took it off Eustachio on level 6 of the Dungeon)

   It has a curse which improves the following skills: Elements: Fire Magic, Ice
   Magic, Air Magic and Earth Magic.
   Beguiling: Conjurations, Hexes and Translocations.
 E - +0 steam dragon scales
 H - +0 steam dragon scales
Magical Staves
 i - a staff of air
Jewellery
 b - a ring of protection from cold
 t - the ring "Pafyjosk" (left hand) {rF+ rN+ rCorr}
   (You found it on level 2 of the Dungeon)

   [ring of positive energy]

   rF:        It protects you from fire.
   rN:        It protects you from negative energy.
   rCorr:     It protects you from acid and corrosion.
 B - a ring of positive energy
 G - a ring of see invisible (right hand)
Wands
 f - a wand of polymorph (9)
 q - a wand of iceblast (11)
Scrolls
 k - 2 scrolls of blinking
 s - a scroll of enchant weapon
 u - a scroll of torment
 v - a scroll of magic mapping
 A - a scroll of teleportation
Potions
 g - a potion of invisibility
 h - 2 potions of curing
 j - a potion of lignification
 l - a potion of attraction
 p - 4 potions of flight
 w - 2 potions of magic {unknown}


   Skills:
 + Level 7.7 Fighting
 * Level 10.8 Staves
 - Level 2.0 Throwing
 - Level 3.0 Armour
 + Level 7.3 Dodging
 + Level 3.5 Shields
 - Level 4.0 Evocations


You had 8 spell levels left.
You didn't know any spells.
Your spell library contained the following spells:

 Spells                   Type           Power      Damage    Failure   Level
 Beastly Appendage        Tmut           0%         N/A       54%         1
 Necrotize                Necr           0%         1d4       54%         1
 Summon Small Mammal      Summ           0%         N/A       54%         1
 Call Canine Familiar     Summ           0%         N/A       88%         3
 Gell's Gravitas          Tloc           0%         N/A       88%         3
 Lesser Beckoning         Tloc           0%         N/A       88%         3
 Portal Projectile        Hex/Tloc       0%         N/A       88%         3
 Teleport Other           Tloc           0%         N/A       88%         3
 Leda's Liquefaction      Hex/Erth       0%         N/A       99%         4


Dungeon Overview and Level Annotations

Branches:
Dungeon (7/15)             Temple (1/1) D:5

Altars:
Ashenzari
Cheibriados
Dithmenos
Elyvilon
Fedhas
Gozag
Hepliaklqana
Makhleb
Nemelex Xobeh
Qazlal
Ru
Sif Muna
Trog
Uskayaw
Vehumet
Wu Jian
Xom
Zin
The Shining One

Shops:
D:2 (   D:4 *   D:6 :?=


Innate Abilities, Weirdness & Mutations

You have a pair of horns on your head.
You reflexively headbutt those who attack you in melee.


Message History

The orc warrior hits you with a +0 war axe!
* * * LOW HITPOINT WARNING * * *
You sock the water moccasin!
You kill the water moccasin!
You feel sick.
The orc warrior hits you with a +0 war axe!
* * * LOW HITPOINT WARNING * * *
You completely miss the orc.
You feel sick. The orc warrior barely misses you. The orc closely misses you.
The orc wizard gestures at you while chanting.
The magic dart hits you.
* * * LOW HITPOINT WARNING * * *
You closely miss the orc. You hit the orc.
The orc is lightly wounded.
You feel less invigorated.
You feel less confused.
You feel sick. The orc warrior misses you. The orc barely misses you.
The orc wizard misses you.
You hit the orc. Your headbutt misses the orc.
The orc is moderately wounded.
You feel sick.
The orc warrior hits you with a +0 war axe!
* * * LOW HITPOINT WARNING * * *
The orc closely misses you. The orc wizard misses you.
You thump the orc!
You kill the orc!
* * * LOW HITPOINT WARNING * * *
You feel sick. The orc warrior closely misses you.
The orc wizard casts a spell at you. The puff of flame misses you.
You sock the orc wizard! You headbutt the orc wizard.
The orc wizard is severely wounded.
You sock the orc wizard!
You kill the orc wizard!
* * * LOW HITPOINT WARNING * * *
You feel sick.
You are no longer poisoned.
The orc warrior hits you with a +0 war axe!
You die...

#.#.....#..........
#.#.....#..........
...................
..#....#...........
. #...###..........
....# ##.........
..)### #.........
.<.##.. #..##.....
##......##@## ....
......)oo)# #..
.......)o...#
.##...##.......
##.. ##.#....# ...
.#....# .... ..
.### #... #....
#... ...


You could see an orc warrior, an orc wizard (invisible) and an orc.

Vanquished Creatures
  Pikel (D:5)
  Maggie (D:6)
  An unseen horror (D:7)
  Grinder (D:6)
  Sigmund (D:5)
  Eustachio (D:6)
  2 steam dragons
  2 water moccasins
  Duvessa (D:6)
  2 black bears (D:5)
  2 ogres
  A phantom (D:5)
  A bullfrog (D:7)
  Dowan (D:6)
  A jelly (D:4)
  A gnoll shaman (D:6)
  5 orc wizards
  4 iguanas
  11 gnolls
  11 adders
  2 worms (D:2)
  6 dart slugs
  14 orcs
  7 endoplasms
  4 giant cockroaches
  6 goblins
  9 hobgoblins
  12 jackals
  6 kobolds
  4 quokkas
  7 ball pythons
  11 bats
  3 frilled lizards
  A rat (D:3)
  A spectral hobgoblin (D:3)
144 creatures vanquished.

Notes
Turn   | Place    | Note
-------+----------+-------------------------------------------
     0 | D:1      | IdlyInterested the Minotaur Gladiator began the quest for
                  | the Orb.
     0 | D:1      | Reached XP level 1. HP: 18/18 MP: 0/0
   175 | D:1      | Reached skill level 1 in Armour
   186 | D:1      | Reached XP level 2. HP: 25/25 MP: 1/1
   209 | D:1      | Reached skill level 4 in Staves
   355 | D:1      | Got Sif Muna's First Steps in Theurgy
   442 | D:1      | Reached XP level 3. HP: 30/30 MP: 2/2
  1361 | D:2      | Reached XP level 4. HP: 31/38 MP: 3/3
  1811 | D:2      | Found Teczaxurph's Antique Weapon Boutique.
  1858 | D:2      | Identified the ring "Pafyjosk" {rF+ rN+ rCorr}
  2158 | D:3      | Reached skill level 1 in Evocations
  2362 | D:3      | Found a blossoming altar of Fedhas.
  2475 | D:3      | Reached skill level 5 in Staves
  2475 | D:3      | Reached XP level 5. HP: 34/45 MP: 4/4
  2699 | D:3      | Found a faded altar of an unknown god.
  3099 | D:4      | Found Zin's Purification Station.
  3102 | D:4      | Found a glowing silver altar of Zin.
  3216 | D:4      | Found a burning altar of Makhleb.
  3216 | D:4      | Found a shimmering altar of Xom.
  3240 | D:4      | Found a sacrificial altar of Ru.
  3240 | D:4      | Found a sparkling altar of Nemelex Xobeh.
  3632 | D:5      | Entered Level 5 of the Dungeon
  3641 | D:5      | Noticed an ogre
  3644 | D:5      | Noticed a phantom
  3646 | D:5      | Killed an ogre
  3647 | D:5      | Reached skill level 1 in Shields
  3647 | D:5      | Reached XP level 6. HP: 9/52 MP: 5/5
  3907 | D:5      | Reached skill level 6 in Staves
  4008 | D:5      | Noticed Pikel
  4030 | D:5      | Killed Pikel
  4031 | D:5      | Reached skill level 5 in Fighting
  4031 | D:5      | Reached skill level 7 in Staves
  4031 | D:5      | Reached skill level 5 in Dodging
  4031 | D:5      | Reached XP level 7. HP: 38/61 MP: 6/6
  4258 | D:5      | Reached XP level 8. HP: 65/69 MP: 7/7
  4339 | D:5      | Found a staircase to the Ecumenical Temple.
  4355 | Temple   | Entered the Ecumenical Temple
  4457 | Temple   | Became a worshipper of Ashenzari the Shackled
  4482 | D:5      | Reached skill level 8 in Staves
  4837 | D:5      | Noticed Sigmund
  4848 | D:5      | Killed Sigmund
  5006 | D:6      | Found Ralezu's Magic Scroll Boutique.
  5029 | D:6      | Noticed Grinder
  5041 | D:6      | Killed Grinder
  5098 | D:6      | Reached skill level 9 in Staves
  5141 | D:6      | Noticed Duvessa
  5141 | D:6      | Noticed Dowan
  5153 | D:6      | Killed Duvessa
  5160 | D:6      | Killed Dowan
  5395 | D:6      | Noticed Eustachio
  5401 | D:6      | Killed Eustachio
  5402 | D:6      | Reached XP level 9. HP: 74/78 MP: 8/8
  5527 | D:6      | Noticed Maggie
  5541 | D:6      | Killed Maggie
  5542 | D:6      | Reached skill level 10 in Staves
  5736 | D:6      | Found Jaujeiwk's Book Emporium.
  5969 | D:6      | Found Lyla's Jewellery Shop.
  6415 | D:7      | Noticed an unseen horror
  6422 | D:7      | Killed an unseen horror
  6468 | D:7      | HP: 2/80 [orc warrior/+0 war axe (16)]
  6471 | D:7      | Demolished by an orc warrior

Illustrated notes

Levels and vault maps discovered:
D:1:      dpeg_arrival_shrine, layout_basic, dk_noncrumbling_3,
          interstate_on_off, minmay_ruptured
D:2:      minmay_alternating_diamond, layout_basic, serial_shops,
          nicolae_diamond_shop, chequers_serial_rivers_micro_a
D:3:      layout_loops_ring, mainiacjoe_overflow_concentric_impassable,
          dreamdust_ecumenical_altar_drowned_temple
D:4:      layout_loops_ring, minitemple, zin_purify
D:5:      layout_loops_ring, minmay_temple_entry_slanted, uniq_pikel,
          uniq_sigmund
D:6:      layout_basic, serial_shops, nicolae_shop_hallway_plus,
          nicolae_diamond_shop, nicolae_lakefront_shop, uniq_duvessa,
          uniq_eustachio, uniq_grinder, uniq_maggie
D:7:      layout_cave_pools, okawaru_metal_pillars_3
Temple:   dshaligram_water_room_temple

Skill      XL: |  1  2  3  4  5  6  7  8  9 |
---------------+----------------------------+-----
Armour         | 1 2 3 |  3.0
Staves         | 4 5 7 9 10 | 10.8
Fighting       | 3 4 5 6 7 |  7.7
Evocations     | 1 2 3 4 |  4.0
Dodging        | 4 5 6 7 |  7.3
Shields        | 1 2 3 |  3.5
Throwing       | |  2.0

Action                   |  1- 3 |  4- 6 |  7- 9 || total
-------------------------+-------+-------+-------++-------
Melee: Quarterstaff      |    73 |   132 |   184 ||   389
       Headbutt          |    14 |    18 |    47 ||    79
Invok: Curse Item        |       |       |     1 ||     1
  Use: Scroll            |     4 |     8 |     3 ||    15
       Potion            |     1 |     4 |     2 ||     7
Armor: Leather armour    |     9 |       |    20 ||    29
       Chain mail        |    13 |    19 |       ||    32
       Ring mail         |     5 |       |       ||     5
       Plate armour      |       |    61 |    73 ||   134
Dodge: Dodged            |    45 |    39 |    98 ||   182

Table legend: (Time is in decaauts)
 A = Elapsed time spent in this place.
 B = Non-inter-level travel time spent in this place.
 C = Inter-level travel time spent in this place.
 D = Time resting spent in this place.
 E = Time spent auto-exploring this place.
 F = Levels seen in this place.
 G = Mean time per level.
                   A        B        C        D        E       F      G
               +--------+--------+--------+--------+--------+-----+--------+
         Total |   6465 |   6327 |    138 |   1077 |   3943 |   8 |  808.1 |
       Dungeon |   6348 |   6210 |    138 |   1077 |   3883 |   7 |  906.9 |
        Temple |    116 |    116 |      0 |      0 |     60 |   1 |  116.0 |
               +--------+--------+--------+--------+--------+-----+--------+

Top non-repeatable levels by time:
     D:6: 1210 daAuts
     D:2: 1179 daAuts
     D:4: 1009 daAuts
     D:5: 999 daAuts
     D:3: 866 daAuts
     D:1: 852 daAuts
     D:7: 230 daAuts
  Temple: 116 daAuts
